 Dungeon Crawl Stone Soup version 0.30.1-3-gfc49f6343a (webtiles) character file.

Game seed: 682176373544808806

185 Tirrikindir the Shield-Bearer (level 5, -4/36 HPs)
             Began as an Octopode Fighter on July 25, 2023.
             Slain by a gnoll
             ... wielding a +0 club
              (6 damage)
             ... on level 3 of the Dungeon.
             The game lasted 00:05:13 (1514 turns).

Tirrikindir the Shield-Bearer (Octopode Fighter)    Turns: 1514, Time: 00:05:14

Health: -4/36      AC:  1    Str: 15    XL:     5   Next: 64%
Magic:  5/5        EV: 13    Int: 11    God:
Gold:   139        SH:  7    Dex: 13    Spells: 4/4 levels left

rFire   + . .        a - +1 long sword
rCold   . . .        i - +2 buckler
rNeg    . . .        (helmet restricted)
rPois   .            b - amulet of the acrobat
rElec   .            d - ring of protection from fire
rCorr   .            (no ring)
SInv    .            (no ring)
Will    .....        (no ring)
Stlth   +++          (no ring)
HPRegen 0.26/turn    (no ring)
MPRegen 0.09/turn    (no ring)
                     (no ring)

%: acrobat
@: no status effects
A: almost no armour, amphibious, 8 rings, camouflage 1, gelatinous body 1,
(nimble swimmer 1), tentacles
a: no special abilities


You were on level 3 of the Dungeon.
You visited 1 branch of the dungeon, and saw 3 of its levels.

You collected 139 gold pieces.

Inventory:

Hand Weapons
 a - a +1 long sword (weapon)
Armour
 i - a +2 buckler (worn)
Jewellery
 b - an amulet of the acrobat (around mantle)
 d - a ring of protection from fire (left tentacle)
 f - an amulet of faith
Scrolls
 e - a scroll of amnesia
 g - a scroll of teleportation
Potions
 c - 2 potions of might


   Skills:
 + Level 3.6 Fighting
 * Level 3.6 Long Blades
 + Level 3.6 Dodging
 + Level 2.7 Stealth
 + Level 3.7 Shields


You had 4 spell levels left.
You didn't know any spells.
Your spell library contained the following spells:

 Spells                   Type           Power      Damage    Failure   Level
 Necrotise                Necr           0%         1d4       43%         1


Dungeon Overview and Level Annotations

Branches:
Dungeon (3/15)

Altars:


Innate Abilities, Weirdness & Mutations

You cannot wear most types of armour.
You are amphibious.
You can wear up to eight rings at the same time.
Your skin changes colour to match your surroundings (Stealth+).
Your rubbery body absorbs attacks. (AC +1, EV +1)
((You are camouflaged when in or above water. (Stealth+)))
You have tentacles for arms and can constrict up to eight enemies at once.


Message History

The worm is severely wounded.
You block the worm's attack.
You slash the worm!
You kill the worm!
You see here a worm corpse.
A gnoll comes into view. It is wielding a +0 sling.
The gnoll shouts!
You hear a shout!
The gnoll shoots a sling bullet.
The sling bullet closely misses you.
There is a large open door here.
An adder comes into view.
The gnoll unwields a +0 sling.
The gnoll wields a +0 club.
You block the gnoll's attack.
The gnoll shouts!
You hit the gnoll. Your grab misses the gnoll.
The gnoll is lightly wounded.
You block the gnoll's attack. The gnoll misses you.
The gnoll hits you with a +0 club.
You hit the gnoll but do no damage. Your grab misses the gnoll.
You squeeze the gnoll.
The gnoll is heavily wounded.
The gnoll closely misses you.
The gnoll hits you from afar with a +0 spear.
The gnoll misses you.
You slash the gnoll!
You kill the gnoll!
The gnoll hits you from afar with a +0 spear!
You block the gnoll's attack.
You barely miss the gnoll. Your grab misses the gnoll. You squeeze the gnoll.
The gnoll is heavily wounded.
The gnoll closely misses you. You block the gnoll's attack.
The adder misses you. You block the gnoll's attack.
You hit the gnoll. You grab the gnoll.
The gnoll is almost dead.
You constrict the gnoll, but do no damage.
The adder barely misses you. The gnoll hits you with a +0 club!
You block the adder's attack.
The gnoll hits you from afar with a +0 spear!
* * * LOW HITPOINT WARNING * * *
The gnoll hits you with a +0 club.
You die...

#........##
......†...## S#
...........## .###
............## ...#
.............###.#.###
..............#......
..♣♣♣♣♣♣.[....#.#..#
..♣ ♣......#.#g.####.
..♣ ♣......'.@Sg.....
..♣ ♣......'.#..##...
..♣ ♣......###..# ..
..♣♣♣♣♣♣......#
..##..#
..........†...#
.###...#
.............##
#.##...#.###
............##
#..........# #
...........##
.......#..###...
..........##
#.##..#........


You could see 2 gnolls and an adder.

Vanquished Creatures
  An orc priest (D:3)
  An iguana (D:3)
  2 gnolls (D:3)
  3 adders
  2 worms (D:3)
  2 dart slugs (D:1)
  5 orcs (D:3)
  6 ball pythons
  8 endoplasms
  A giant cockroach (D:3)
  6 goblins
  3 hobgoblins
  4 jackals (D:1)
  A kobold (D:1)
  6 quokkas
  5 bats
  2 frilled lizards
  4 rats
62 creatures vanquished.

Notes
Turn   | Place    | Note
-------+----------+-------------------------------------------
     0 | D:1      | Tirrikindir the Octopode Fighter began the quest for the
                  | Orb.
     0 | D:1      | Reached XP level 1. HP: 16/16 MP: 1/1
    97 | D:1      | Reached XP level 2. HP: 19/21 MP: 2/2
   113 | D:1      | Found a faded altar of an unknown god.
   138 | D:1      | Got Plato's Incunable of the Autopsy
   142 | D:1      | Reached skill level 1 in Stealth
   253 | D:1      | Reached XP level 3. HP: 24/26 MP: 3/3
   418 | D:1      | You fall into a shaft and drop 1 floor!
   860 | D:2      | Reached XP level 4. HP: 27/31 MP: 4/4
  1293 | D:3      | Reached XP level 5. HP: 24/36 MP: 5/5
  1514 | D:3      | Slain by a gnoll

Illustrated notes

Levels and vault maps discovered:
D:1:      dpeg_arrival_rhombus, layout_basic,
          shapermc_ecumenical_altar_rom_forum
D:2:      layout_basic, minmay_box_of_dots
D:3:      layout_loops_ring, hangedman_feature_mirror, kennysheep_big_empty_room

Skill      XL: |  1  2  3  4 |
---------------+-------------+-----
Stealth        | 1 2 |  2.7
Long Blades    | 3 |  3.6
Fighting       | |  3.6
Dodging        | |  3.6
Shields        | |  3.7

Action                     |  1- 3 |  4- 6 || total
---------------------------+-------+-------++-------
  Melee: Long sword        |    57 |    52 ||   109
         Constrict         |    18 |    13 ||    31
         Tentacles         |    12 |    12 ||    24
    Use: Scroll            |     5 |     1 ||     6
   Stab: Sleeping          |     9 |     4 ||    13
         Distracted        |     1 |       ||     1
 Armour: Skin              |     3 |     2 ||     5
  Dodge: Dodged            |    34 |    30 ||    64
  Block: Buckler           |    10 |    22 ||    32
